 Dungeon Crawl Stone Soup version 0.28-a0-563-gf77a47075d (webtiles) character file.

Game seed: 1184567129908806278

920 omnomnOMINOUS the Stinger (level 8, -2/53 HPs)
             Began as an Octopode Wanderer on Sept 29, 2021.
             Was an Initiate of Vehumet.
             Slain by an orc (5 damage)
             ... on level 4 of the Dungeon.
             The game lasted 00:12:50 (5674 turns).

omnomnOMINOUS the Stinger (Octopode Wanderer)       Turns: 5674, Time: 00:12:51

Health: -2/53      AC:  1    Str: 12    XL:     8   Next: 10%
Magic:  12/12      EV: 14    Int: 16    God:    Vehumet [......]
Gold:   130        SH:  0    Dex: 11    Spells: 7/13 levels left

rFire   . . .      SeeInvis .   a - +2 dagger
rCold   . . .      Faith    .   (no shield)
rNeg    . . .      Spirit   .   (helmet restricted)
rPois   .          Reflect  .   (no amulet)
rElec   .          Harm     .   (no ring)
rCorr   .          Rampage  .   (no ring)
Will    .....                   (no ring)
Stlth   +++.......              (no ring)
HPRegen 0.17/turn               (no ring)
MPRegen 0.13/turn               (no ring)
                                (no ring)
                                (no ring)

@: attractive
A: almost no armour, amphibious, 8 rings, camouflage 1, gelatinous body 1,
(nimble swimmer 1), tentacles, mutation resistance 1
a: Renounce Religion


You were on level 4 of the Dungeon.
You worshipped Vehumet.
Vehumet was noncommittal.
You visited 1 branch of the dungeon, and saw 5 of its levels.

You collected 130 gold pieces.

Inventory:

Hand Weapons
 a - a +2 dagger (weapon)
 b - a +1 dagger of protection
Armour
 j - a +0 kite shield
Wands
 o - a wand of flame (39)
Scrolls
 c - a scroll of enchant armour {unknown}
 d - 3 scrolls of blinking {unknown}
 e - 4 scrolls of identify {unknown}
 f - a scroll of torment {unknown}
 h - a scroll of brand weapon {unknown}
 l - a scroll of vulnerability {unknown}
 n - 2 scrolls of teleportation {unknown}
Potions
 i - 3 potions of attraction
 p - a potion of flight {unknown}


   Skills:
 + Level 3.6 Fighting
 - Level 1.0 Long Blades
 + Level 3.7 Dodging
 - Level 1.3 Stealth
 - Level 3.0 Spellcasting
 + Level 3.3 Conjurations
 - Level 2.0 Necromancy
 + Level 3.6 Fire Magic
 + Level 3.2 Air Magic
 + Level 3.9 Poison Magic
 - Level 1.1 Evocations


You had 7 spell levels left.
You knew the following spells:

 Your Spells              Type           Power      Damage    Failure   Level
a - Foxfire               Conj/Fire      52%        2x1d6     4%          1
b - Poisonous Vapours     Pois/Air       26%        N/A       6%          2
c - Ignite Poison         Fire/Tmut/Pois 10%        N/A       21%         3

Your spell library contained the following spells:

 Spells                   Type           Power      Damage    Failure   Level
 Animate Skeleton         Necr           16%        N/A       9%          1
 Pain                     Necr           32%        1d5       9%          1
 Corpse Rot               Necr/Air       N/A        N/A       10%         2
 Vampiric Draining        Necr           4%         2d6       24%         3


Dungeon Overview and Level Annotations

Branches:
Dungeon (5/15)             Temple (0/1) D:4

Altars:
Ashenzari
Vehumet

Shops:
D:3 ?

Annotations:
D:5 Menkaure


Innate Abilities, Weirdness & Mutations

You cannot wear most types of armour.
You are amphibious.
You can wear up to eight rings at the same time.
Your skin changes colour to match your surroundings (Stealth+).
Your rubbery body absorbs attacks. (AC +1, EV +1)
((You are camouflaged near water. (Stealth+)))
You have tentacles for arms and can constrict up to eight enemies at once.
You are somewhat resistant to further mutation.


Message History

Unknown command.
The orc wizard mumbles some strange words.
The orc wizard flickers and vanishes!
Deactivating autopickup; reactivate with Ctrl-A.
The orc shouts!
Menkaure, Prince of Dust comes into view.
A magic dart appears from out of thin air!
The magic dart hits you!
Menkaure's bandages flutter.
Menkaure calls on the powers of darkness!
Something is bathed in an unholy light!
The orc convulses! x2
The orc shouts!
The orc convulses! x2; Your body is wracked with pain!
The orc hits you with a +0 short sword.
Unknown command.
Menkaure calls on the powers of darkness!
The orc convulses! x2; Something is bathed in an unholy light!
The orc convulses!
Your body is wracked with pain!
* * * LOW HITPOINT WARNING * * *
The orc convulses! x4
There is a stone staircase leading up here.
The orc misses you. The orc hits you with a +0 short sword.
* * * LOW HITPOINT WARNING * * *
You climb upwards.
Reactivating autopickup.
There is a stone staircase leading down here.
You see here a hound skeleton.
Unknown command.
It was a potion of attraction.
You feel attractive to monsters. The orc barely misses you.
The orc closely misses you.
It was a potion of magic.
Magic courses through your body. The orc misses you.
The orc hits you with a +0 short sword.
* * * LOW HITPOINT WARNING * * *
It was a potion of mutation.
You feel extremely strange.
You feel genetically stable. The orc hits you with a +0 whip.
* * * LOW HITPOINT WARNING * * *
The orc hits you with a +0 short sword.
You die...

#.......##########.#
#.#.....
#................#.#
#.##.#._
#.......########.#.#
#.##.... #.......# #.#.#
#.##...# #.......# #.#.#
####.##.... ####.#.##
#.#.# #....##...# #.#.#
#.#<# #.######.## #.#.#
#o#.# #.# #.# ##.#.####
#@#.# #.# #.#
#....##.######o#.## #.#
#.#
#.#....#....<#....###.#
###.#
#...###.##......#.....#
#...## #####
#.##...#....##### #.###.
#.######.#.#########.##..
#.# #.#..[)...).......
#.# #.#########.......
########.######.#
##......


You could see 2 orcs.

Vanquished Creatures
  Grinder (D:3)
  Sigmund (D:2)
  A centaur (D:4)
  3 scorpions (D:4)
  A jelly (D:4)
  2 hounds
  Ijyb (D:3)
  Terence (D:3)
  2 orc wizards
  4 adders
  3 worms (D:2)
  2 dart slugs
  9 orcs
  7 endoplasms
  2 giant cockroaches (D:4)
  7 goblins
  4 hobgoblins
  5 quokkas
  8 ball pythons
  10 bats
  2 frilled lizards
  4 kobolds
  7 rats
87 creatures vanquished.

Vanquished Creatures (others)
  4 foxfires (D:4)
4 creatures vanquished.

Grand Total: 91 creatures vanquished

Notes
Turn   | Place    | Note
-------+----------+-------------------------------------------
     0 | D:1      | omnomnOMINOUS the Octopode Wanderer began the quest for the
                  | Orb.
     0 | D:1      | omnomnOMINOUS set off with the following items: a +2
                  | dagger, a potion of berserk rage, a potion of
                  | lignification; and the following spell memorised: Foxfire;
                  | and the following spells available to memorise: Ignite
                  | Poison
     0 | D:1      | Reached XP level 1. HP: 13/13 MP: 4/4
   484 | D:1      | Reached XP level 2. HP: 18/18 MP: 6/6
   487 | D:1      | Learned a level 2 spell: Poisonous Vapours
   912 | D:1      | Reached skill level 1 in Fire Magic
  1510 | D:1      | Reached skill level 1 in Conjurations
  1637 | D:1      | Reached XP level 3. HP: 19/23 MP: 7/7
  1701 | D:1      | Learned a level 3 spell: Ignite Poison
  2364 | D:2      | Noticed Sigmund
  2389 | D:2      | Killed Sigmund
  2390 | D:2      | Reached skill level 1 in Air Magic
  2390 | D:2      | Reached XP level 4. HP: 24/29 MP: 8/8
  2390 | D:2      | Reached XP level 5. HP: 28/34 MP: 9/9
  2538 | D:2      | Found a broken altar of Ashenzari.
  2696 | D:3      | Reached XP level 6. HP: 38/40 MP: 10/10
  3367 | D:3      | Noticed Grinder
  3397 | D:3      | Killed Grinder
  3398 | D:3      | Reached XP level 7. HP: 20/45 MP: 11/11
  3714 | D:3      | Noticed Terence
  3740 | D:3      | Killed Terence
  3910 | D:3      | Found Jeuxt's Magic Scroll Shop.
  4052 | D:3      | Noticed Ijyb
  4064 | D:3      | Killed Ijyb
  4710 | D:4      | Found a radiant altar of Vehumet.
  4719 | D:4      | Became a worshipper of Vehumet
  4843 | D:4      | Found a staircase to the Ecumenical Temple.
  5245 | D:4      | Reached XP level 8. HP: 46/52 MP: 7/12
  5655 | D:5      | Entered Level 5 of the Dungeon
  5667 | D:5      | Noticed Menkaure
  5674 | D:4      | Gained mutation: You are somewhat resistant to further
                  | mutation. [potion of mutation]
  5674 | D:4      | Slain by an orc

Illustrated notes

Levels and vault maps discovered:
D:1:      dpeg_arrival_solitude, layout_basic, serial_co_window_serial,
          co_window_paths_a, co_window_corner_a, co_window_corner_a,
          co_window_corner_a, co_window_paths_a, co_window_2corner,
          co_window_paths_c, co_window_of_opportunity_b,
          co_window_of_opportunity_b, co_window_corner_b, co_window_broadway_b,
          co_window_unsneaky_path_e, co_window_4corner_b, co_window_paths_e,
          grunt_decor_resistance
D:2:      layout_rooms, basic_altar, minmay_tiny_reverse_x, uniq_sigmund
D:3:      layout_basic, serial_shops, nicolae_shop_stone, uniq_ijyb,
          uniq_terence, uniq_grinder
D:4:      layout_loops_ring, vehumet_altar_wand_db,
          minmay_temple_entry_overgrown
D:5:      layout_basic, trog_butcher_becter, water_maze_lemuel,
          uniq_prince_ribbit1, uniq_crazy_yiuf_cottage, uniq_menkaure

Skill      XL: |  1  2  3  4  5  6  7 |
---------------+----------------------+-----
Fire Magic     | 1 2 3 |  3.6
Conjurations   | 1 2 3 |  3.3
Fighting       | 2 3 |  3.6
Dodging        | 2 3 |  3.7
Air Magic      | 1 2 3 |  3.2
Poison Magic   | 2 3 |  3.9
Long Blades    | |  1.0
Stealth        | |  1.3
Spellcasting   | |  3.0
Necromancy     | |  2.0
Evocations     | |  1.1

Action                   |  1- 3 |  4- 6 |  7- 9 || total
-------------------------+-------+-------+-------++-------
Melee: Dagger            |    95 |    44 |    82 ||   221
       Constrict         |    17 |    15 |    16 ||    48
       Tentacles         |    12 |    10 |    10 ||    32
 Cast: Poisonous Vapours |       |       |     9 ||     9
       Foxfire           |       |       |     3 ||     3
       Ignite Poison     |       |       |     1 ||     1
  Use: Potion            |       |       |     5 ||     5
 Stab: Sleeping          |    12 |     3 |     3 ||    18
       Distracted        |     1 |       |       ||     1
Armor: Skin              |     3 |     2 |     6 ||    11
Dodge: Dodged            |    43 |    23 |    61 ||   127

Table legend: (Time is in decaauts)
 A = Elapsed time spent in this place.
 B = Non-inter-level travel time spent in this place.
 C = Inter-level travel time spent in this place.
 D = Time resting spent in this place.
 E = Time spent auto-exploring this place.
 F = Levels seen in this place.
 G = Mean time per level.
                   A        B        C        D        E       F      G
               +--------+--------+--------+--------+--------+-----+--------+
         Total |   5681 |   5547 |    134 |   1926 |   2755 |   5 | 1136.2 |
       Dungeon |   5681 |   5547 |    134 |   1926 |   2755 |   5 | 1136.2 |
               +--------+--------+--------+--------+--------+-----+--------+

Top non-repeatable levels by time:
     D:1: 1755 daAuts
     D:3: 1651 daAuts
     D:4: 1269 daAuts
     D:2: 988 daAuts
     D:5: 15 daAuts
